Map: Coda LE (Void)

Players

BigBird

  • Race: Terran Terran

AgCl - Winner!

  • Race: Protoss Protoss

VOD

Have the link to the VOD?

Description

Time

  • Played on: May 4, 2015, 9:29 p.m.
  • Length: 22:12
Show
View Real Time Build Order
Export as new Build Order

BigBird Terran 

Build Orders:  

Get SALT Encoding   

  12  0:03  SCV  
  13  0:13  Supply Depot  
  13  0:18  SCV  
  14  0:30  SCV  
  15  0:40  Barracks  
  15  0:42  SCV  
  16  0:54  SCV  
  16  0:56  Refinery  
  17  1:06  SCV  
  18  1:13  Supply Depot  
  18  1:18  SCV  
  19  1:31  Orbital Command  
  19  1:33  Marine  
  20  1:53  Reaper  
  21  1:58  SCV  
  22  2:05  Command Center  
  22  2:11  SCV  
  23  2:23  SCV  
  23  2:24  Supply Depot  
  23  2:25  Refinery  
  24  2:30  Factory  
  24  2:31  Marine  
  24  2:35  SCV  
  26  2:49  Marine  
  26  2:57  SCV  
  27  3:07  Supply Depot, Marine  
  27  3:09  SCV  
  29  3:20  Orbital Command  
  29  3:25  SCV  
  28  3:29  Marine  
  28  3:31  Factory Tech Lab  
  29  3:37  SCV  
  29  3:40  Supply Depot  
  30  3:44  Starport  
  30  3:49  Marine  
  30  3:51  Cyclone  
  30  3:54  SCV  
  30  3:55  SCV  
  35  4:06  SCV  
  35  4:07  SCV  
  30  4:23  Marine  
  26  4:27  Viking, Engineering Bay  
  24  4:35  SCV  
  26  4:44  Orbital Command  
  25  4:48  SCV  
  26  4:54  Marine  
  26  4:56  Barracks  
  26  4:58  Bunker  
  27  5:03  SCV  
  28  5:15  SCV  
  29  5:22  Barracks Reactor  
  29  5:30  Missile Turret  
  29  5:32  SCV  
  29  5:34  SCV  
  31  5:44  SCV  
  31  5:46  SCV  
  31  5:51  Missile Turret  
  31  5:56  SCV  
  32  5:59  SCV  
  32  6:01  Marine x2  
  35  6:08  SCV  
  35  6:11  SCV  
  34  6:18  Viking, Marine  
  34  6:19  Marine  
  34  6:20  SCV  
  34  6:21  Marine  
  34  6:23  SCV  
  38  6:32  SCV  
  38  6:35  SCV  
  38  6:36  Marine x2  
  38  6:38  Marine  
  41  6:48  Viking  
  43  6:54  Marine x2  
  43  6:58  Missile Turret  
  45  7:03  Marine  
  45  7:07  SCV  
  47  7:09  SCV  
  47  7:12  Marine x2  
  50  7:19  SCV  
  53  7:24  Starport Reactor  
  53  7:28  Terran Infantry Weapons Level 1, Starport  
  51  7:31  Cyclone  
  51  7:32  Marine x2  
  51  7:33  Barracks Reactor  
  56  7:37  Barracks  
  51  7:59  Marine x2  
  47  8:10  Viking x2  
  48  8:13  Viking  
  48  8:15  Marine x2  
  48  8:17  Marine x2  
  53  8:23  Missile Turret  
  53  8:32  SCV  
  53  8:33  SCV  
  54  8:39  Barracks Tech Lab  
  54  8:40  Marine x3  
  54  8:41  Marine  
  57  8:42  Viking  
  57  8:46  Supply Depot  
  56  9:08  Viking  
  58  9:10  Starport Tech Lab  
  58  9:12  Supply Depot, Viking  
  58  9:13  Cyclone  
  58  9:14  Marine x2  
  58  9:15  Marine x3  
  68  9:22  Fusion Core  
  68  9:23  SCV x2  
  70  9:28  Refinery  
  70  9:32  Refinery, Marine  
  70  9:34  Marine  
  70  9:35  SCV x2  
  74  9:39  Banshee  
  74  9:43  Supply Depot  
  77  9:45  Marine  
  77  9:47  SCV x2  
  77  9:48  Combat Shields  
  80  9:58  Viking  
  80  9:59  SCV x2  
  84  10:08  Command Center  
  84  10:11  SCV x2  
  86  10:18  Marine x4  
  90  10:23  SCV x2  
  92  10:31  Armory  
  92  10:32  Unknown  
  92  10:40  Marine x2  
  94  10:52  Supply Depot  
  94  10:54  SCV, Marine  
  94  11:13  Marine x5  
  94  11:14  Cyclone  
  94  11:16  Hyperflight Rotors  
  102  11:20  Viking  
  102  11:23  Viking  
  102  11:24  Viking  
  108  11:28  Orbital Command  
  108  11:31  Marine x5  
  112  11:49  Marine  
  112  11:50  Viking  
  112  11:53  Viking  
  114  11:56  Marine x2  
  114  11:57  Marine  
  117  12:30  Supply Depot  
  117  12:31  Marine  
  117  12:44  Marine  
  117  12:49  Command Center  
  117  12:51  Cyclone, Viking x2  
  124  13:17  Command Center  
  124  13:18  Viking  
  125  13:29  Terran Infantry Armor Level 1  
  125  13:34  Supply Depot, Marine  
  125  13:39  Command Center  
  125  13:41  Missile Turret  
  125  13:53  Supply Depot  
  125  13:54  Terran Vehicle and Ship Weapons Level 1  
  125  13:55  Viking x3, Marine x2  
  125  14:00  Marine x3  
  125  14:01  Refinery  
  136  14:04  Planetary Fortress  
  136  14:05  Refinery  
  136  14:12  SCV x3  
  136  14:13  Marine  
  140  14:18  Marine  
  140  14:22  Weapon Refit  
  141  14:24  SCV x2  
  141  14:25  SCV, Viking x3  
  141  14:27  Supply Depot  
  141  14:30  Supply Depot  
  150  14:36  SCV x2  
  150  14:37  Marine x4  
  156  14:49  Marine  
  157  14:54  Marine  
  157  14:55  Viking, Marine x3  
  163  15:07  Hellion, Viking, Marine  
  160  15:08  Viking  
  161  15:25  Viking  
  163  15:30  Thor  
  166  15:37  Viking  
  166  15:38  Viking  
  170  15:43  SCV x4  
  170  15:44  Orbital Command  
  174  15:55  SCV  
  175  16:08  Terran Vehicle and Ship Weapons Level 2  
  175  16:13  Cyclone  
  175  16:16  Command Center  
  178  16:18  Refinery  
  178  16:19  Refinery  
  178  16:30  Battlecruiser  
  178  16:32  Marine x3  
  187  16:33  Marine  
  187  16:39  Missile Turret  
  187  16:48  Starport x2  
  187  16:49  Command Center  
  187  16:54  Stimpack  
  187  17:02  Marine  
  187  17:14  Marine x4  
  191  17:17  Cyclone  
  191  17:19  Viking x2  
  191  17:21  Marine  
  198  17:25  Starport Tech Lab  
  198  17:26  Starport Tech Lab  
  198  17:32  Barracks, Marine x2  
  198  17:34  Behemoth Reactor  
  198  17:35  Terran Infantry Weapons Level 2, Barracks  
  200  17:37  Barracks  
  200  18:07  Marine  
  133  18:30  Marine x5  
  133  18:32  Viking x5  
  136  18:47  Marine  
  136  18:48  Marine x3  
  122  18:52  Barracks Reactor x2  
  122  18:53  Barracks Reactor  
  100  18:58  Cyclone  
  100  18:59  Orbital Command  
  100  19:02  Viking x5  
  101  19:30  Cyclone  
  104  19:31  Viking  
  104  19:32  Battlecruiser  
  104  19:36  Marine x2  
  104  19:37  Marine x2  
  104  19:38  Marine x2  
  113  19:41  Battlecruiser  
  120  19:54  Viking x2, Marine x2  
  120  19:55  Marine x3  
  120  19:56  Marine x6  
  135  20:05  Viking  
  137  20:11  Terran Vehicle And Ship Armor Level 1  
  137  20:12  Marine x2  
  137  20:13  Marine x7  
  137  20:14  Marine x2  
  148  20:24  Viking x2  
  152  20:30  Marine x3  
  152  20:31  Marine x7  
  152  20:32  Marine  
  152  20:35  Viking  
  165  20:36  Viking  
  129  21:07  Viking x5  
  139  21:19  Marine x6  
  139  21:20  Marine  
  137  21:41  Viking x2  
  137  21:42  Viking  
  141  21:47  Marine  
  141  21:48  Marine x3  
  141  21:51  Marine  
Show
View Real Time Build Order
Export as new Build Order

AgCl Protoss - Winner!

Build Orders: Oracle Opening, Oracle Opening, Carrier Rush 

Get SALT Encoding   

  12  0:02  Probe  
  13  0:14  Probe  
  14  0:27  Pylon  
  14  0:36  Assimilator  
  14  0:50  Gateway  
  14  0:51  Probe (Chrono Boost)  
  15  1:03  Probe (Chrono Boost)  
  16  1:10  Probe (Chrono Boost)  
  17  1:20  Probe  
  17  1:22  Pylon  
  18  1:30  Assimilator  
  18  1:32  Probe  
  19  1:42  Zealot (Chrono Boost)  
  19  1:44  Probe (Chrono Boost)  
  19  1:47  Cybernetics Core  
  22  1:56  Probe (Chrono Boost)  
  23  2:04  Probe (Chrono Boost)  
  23  2:06  Zealot  
  26  2:14  Probe (Chrono Boost)  
  27  2:21  Probe (Chrono Boost)  
  28  2:25  Stargate, Warp Gate  
  28  2:31  Mothership Core  
  30  2:53  Pylon  
  28  3:11  Nexus  
  28  3:14  Oracle (Chrono Boost)  
  29  3:37  Probe, Fleet Beacon  
  30  4:03  Probe, Carrier (Chrono Boost)  
  31  4:15  Probe  
  38  4:38  Assimilator  
  38  4:41  Probe (Chrono Boost)  
  38  4:42  Assimilator  
  40  4:49  Probe (Chrono Boost)  
  41  4:53  Probe (Chrono Boost)  
  41  4:56  Nexus  
  41  4:59  Probe (Chrono Boost)  
  42  5:01  Graviton Catapult (Chrono Boost)  
  42  5:03  Probe (Chrono Boost)  
  43  5:10  Probe  
  44  5:16  Probe (Chrono Boost)  
  45  5:22  Probe (Chrono Boost)  
  45  5:25  Carrier (Chrono Boost)  
  47  5:29  Probe (Chrono Boost)  
  50  5:51  Protoss Air Weapons Level 1 (Chrono Boost)  
  50  5:52  Pylon  
  50  5:54  Probe, Assimilator  
  51  5:58  Pylon  
  51  5:59  Probe  
  52  6:07  Probe  
  53  6:29  Probe  
  53  6:30  Carrier (Chrono Boost)  
  54  6:36  Probe  
  61  6:55  Gateway, Stargate  
  61  6:56  Probe (Chrono Boost)  
  61  6:57  Pylon  
  61  6:58  Gateway  
  61  6:59  Twilight Council, Assimilator, Gateway  
  61  7:00  Pylon  
  63  7:01  Probe (Chrono Boost)  
  63  7:08  Probe (Chrono Boost)  
  66  7:10  Probe (Chrono Boost)  
  66  7:13  Probe (Chrono Boost)  
  66  7:14  Pylon  
  66  7:19  Probe (Chrono Boost)  
  66  7:20  Probe (Chrono Boost)  
  69  7:26  Probe (Chrono Boost)  
  69  7:28  Probe x2 (Chrono Boost)  
  71  7:34  Probe (Chrono Boost)  
  72  7:38  Forge  
  72  7:40  Probe x2  
  74  7:45  Probe  
  75  7:55  Probe  
  76  8:02  Carrier (Chrono Boost)  
  70  8:23  Charge (Chrono Boost)  
  70  8:24  Phoenix  
  78  8:27  Probe (Chrono Boost)  
  78  8:30  Probe (Chrono Boost)  
  78  8:31  Templar Archives  
  81  8:34  Probe (Chrono Boost)  
  81  8:38  Photon Cannon  
  81  8:40  Pylon  
  82  8:41  Photon Cannon  
  82  8:42  Gateway  
  82  8:43  Probe x2 (Chrono Boost)  
  83  8:49  Probe  
  83  8:54  Psionic Storm  
  83  9:08  Probe  
  84  9:14  Protoss Air Weapons Level 2 (Chrono Boost), Gateway  
  84  9:15  Gateway  
  84  9:17  Protoss Ground Weapons Level 1 (Chrono Boost)  
  84  9:23  Carrier (Chrono Boost)  
  90  9:32  Carrier (Chrono Boost)  
  90  9:36  Photon Cannon  
  90  9:41  Nexus  
  90  9:45  Pylon  
  96  9:53  High Templar x4  
  96  9:58  Probe  
  96  9:59  Probe, Photon Cannon  
  106  10:17  Carrier (Chrono Boost)  
  106  10:22  Pylon  
  106  10:24  Carrier (Chrono Boost)  
  112  10:37  Pylon  
  118  10:50  Forge  
  118  10:51  Assimilator  
  118  10:52  Photon Cannon  
  118  10:55  Assimilator  
  116  11:04  Zealot x2  
  116  11:07  Protoss Shields Level 1 (Chrono Boost)  
  120  11:13  Pylon  
  120  11:20  Carrier (Chrono Boost), Robotics Facility  
  120  11:22  Carrier (Chrono Boost)  
  120  11:23  Pylon, Stargate  
  120  11:24  Protoss Ground Weapons Level 2 (Chrono Boost)  
  132  12:03  Carrier (Chrono Boost)  
  132  12:11  Pylon  
  132  12:12  Probe (Chrono Boost)  
  135  12:19  Probe x2 (Chrono Boost)  
  135  12:21  Probe (Chrono Boost), Observer (Chrono Boost)  
  137  12:26  Carrier (Chrono Boost)  
  137  12:29  Probe, Protoss Air Weapons Level 3 (Chrono Boost)  
  144  12:35  Observer (Chrono Boost)  
  145  12:41  Mothership Core, Carrier (Chrono Boost)  
  151  12:52  Protoss Shields Level 2  
  151  12:54  Pylon  
  151  12:56  Pylon  
  150  12:59  Pylon x2  
  156  13:15  Cybernetics Core, Pylon  
  156  13:16  Protoss Ground Armor Level 1  
  156  13:17  Carrier (Chrono Boost)  
  156  13:31  Carrier (Chrono Boost)  
  156  13:35  Photon Cannon  
  156  13:38  Photon Cannon  
  156  13:40  Photon Cannon  
  156  13:41  Photon Cannon x2  
  166  13:52  Protoss Air Armor Level 1 (Chrono Boost), Forge  
  166  14:17  Gateway  
  166  14:18  Gateway  
  166  14:21  Dark Shrine  
  166  14:27  Gateway, Pylon  
  166  14:30  Pylon  
  165  14:31  Gateway  
  165  14:41  Pylon, Phoenix x2 (Chrono Boost)  
  165  14:45  Pylon  
  169  14:47  Zealot x2  
  169  14:48  Zealot x2  
  169  14:51  Zealot  
  177  14:54  Zealot x2  
  171  15:24  Gateway  
  167  15:29  Pylon  
  167  15:30  Pylon  
  167  15:34  Nexus  
  167  15:36  Pylon, Zealot x2  
  167  15:38  Assimilator  
  167  15:39  Zealot  
  173  15:55  Protoss Ground Weapons Level 3 (Chrono Boost)  
  169  16:04  Protoss Shields Level 3 (Chrono Boost)  
  169  16:10  Pylon  
  167  16:13  Protoss Air Armor Level 2 (Chrono Boost)  
  173  16:40  Protoss Ground Armor Level 2 (Chrono Boost)  
  173  16:53  Zealot  
  175  17:23  Pylon  
  175  17:27  Pylon  
  175  17:29  Pylon  
  175  17:32  Nexus  
  175  17:35  Assimilator  
  175  17:39  Assimilator  
  175  17:41  Photon Cannon  
  175  17:51  Photon Cannon  
  175  17:52  Photon Cannon  
  175  17:54  Photon Cannon  
  175  17:55  Photon Cannon  
  175  17:57  Pylon  
  175  18:10  High Templar x3  
  175  18:11  High Templar  
  165  18:31  Archon  
  161  18:38  Dark Templar x2  
  161  18:39  Dark Templar x2  
  168  19:11  Zealot x2  
  172  19:17  Robotics Bay  
  172  19:20  Pylon  
  172  19:36  Carrier x2 (Chrono Boost)  
  184  20:04  Pylon  
  184  20:06  Pylon  
  184  20:10  Carrier (Chrono Boost)  
  184  20:12  Observer Gravitic Boosters (Chrono Boost)  
  184  20:16  Pylon  
  184  20:20  Pylon  
  184  20:22  Pylon  
  184  20:35  Zealot  
  192  20:48  Carrier (Chrono Boost)  
  196  21:20  High Templar x2  
  200  21:29  Archon  
  200  21:31  Archon x2  
  170  21:57  Stalker  
Tags
 
Add a new tag
Caveats
  • Supply blocks, unpowered buildings, or Contaminate may cause inaccurate times.
  • Supply counts are checked every 10 seconds.